 Dungeon Crawl Stone Soup version 0.26.1-11-gd32895ea62 (webtiles) character file.

Game seed: 7472078232131379343

1066 nothank2 the Carver (level 8, -8/58 HPs)
             Began as a Formicid Fighter on July 13, 2021.
             Was an Initiate of Makhleb.
             Mangled by an ogre
             ... wielding a +0 giant spiked club
              (27 damage)
             ... on level 5 of the Dungeon.
             The game lasted 00:14:29 (5185 turns).

nothank2 the Carver (Formicid Fighter)              Turns: 5185, Time: 00:14:29

Health: -8/58      AC: 11    Str: 24    XL:     8   Next: 53%
Magic:  8/8        EV:  5    Int:  7    God:    Makhleb [......]
Gold:   4          SH:  9    Dex: 10    Spells: 7/7 levels left

rFire    . . .     SeeInvis +   a - +0 long sword
rCold    . . .     Faith    .   c - +0 kite shield
rNeg     . . .     Spirit   .   m - +0 plate armour
rPois    .         Reflect  .   (helmet unavailable)
rElec    .         Harm     .   (no cloak)
rCorr    .         Rampage  .   (no gloves)
Will     .....                  (no boots)
Stlth    ..........             (no amulet)
HPRegen  0.19/turn              (no ring)
MPRegen  0.11/turn              (no ring)

@: no status effects
A: permanent stasis, dig shafts and tunnels, four strong arms, antennae 3
a: Dig, Shaft Self, Renounce Religion


You were on level 5 of the Dungeon.
You worshipped Makhleb.
Makhleb was noncommittal.
You visited 2 branches of the dungeon, and saw 6 of its levels.

You collected 108 gold pieces.
You spent 104 gold pieces at shops.

Inventory:

Hand Weapons
 a - a +0 long sword (weapon)
 u - the +11 hand axe "Demon's Peril" {venom, +Rage Dex+4, unknown}
   (You found it on level 4 of the Dungeon)

   It poisons the flesh of those it strikes.
   It affects your dexterity (+4).
   It lets you go berserk.
Missiles
 y - 23 poisoned darts (quivered)
Armour
 b - a +0 scale mail
 c - a +0 kite shield (worn)
 i - +0 acid dragon scales
 m - a +0 plate armour (worn)
Wands
 v - a wand of iceblast (12)
 C - a wand of random effects (31)
Scrolls
 f - 5 scrolls of teleportation {unknown}
 g - 2 scrolls of identify {unknown}
 h - a scroll of immolation {unknown}
 k - 5 scrolls of amnesia {unknown}
 l - a scroll of enchant weapon {unknown}
 n - 2 scrolls of fog {unknown}
 r - a scroll of magic mapping {unknown}
 x - a scroll of blinking {unknown}
 A - 2 scrolls of enchant armour {unknown}
 B - a scroll of fear {unknown}
Potions
 d - 4 potions of might
 e - 3 potions of flight {unknown}
 j - a potion of curing {unknown}
 o - a potion of degeneration {unknown}
 p - 3 potions of invisibility {unknown}
 q - 2 potions of attraction {unknown}
 s - 2 potions of haste {unknown}
 t - a potion of magic {unknown}
 w - a potion of brilliance {unknown}
 z - a potion of resistance {unknown}


   Skills:
 - Level 3.2 Fighting
 * Level 9.6 Long Blades
 - Level 3.2 Armour
 - Level 3.6 Shields


You had 7 spell levels left.
You didn't know any spells.
Your spell library was empty.

Dungeon Overview and Level Annotations

Branches:
Dungeon (5/15)             Temple (1/1) D:5

Altars:
Ashenzari
Cheibriados
Dithmenos
Elyvilon
Gozag
Hepliaklqana
Kikubaaqudgha
Makhleb
Nemelex Xobeh
Okawaru
Ru
Sif Muna
Vehumet
Wu Jian
Yredelemnul
Zin
The Shining One

Shops:
D:5 !(

Annotations:
D:3 3 runed translucent doors, Dominos's ghost, amateur HuFi


Innate Abilities, Weirdness & Mutations

You cannot be hasted, slowed, berserked, paralysed or teleported.
You can dig through walls and to a lower floor.
Your four strong arms can wield two-handed weapons with a shield.
You have a pair of large antennae on your head. (SInv)


Message History

The centaur hits you but does no damage.
You barely miss the centaur.
The centaur is heavily wounded.
The centaur hits you but does no damage.
You block the ogre's attack.
The centaur hits you but does no damage.
You closely miss the ogre.
The ogre is lightly wounded.
You block the centaur's attack. The ogre closely misses you.
You slash the ogre!
The ogre is heavily wounded.
You block the centaur's attack. The centaur hits you.
You hit the ogre but do no damage.
The ogre is heavily wounded.
You block the ogre's attack. You block the centaur's attack.
You slash the ogre!
The ogre is almost dead.
You block the centaur's attack.
The ogre hits you with a +0 giant spiked club!!
You die...

..###.....##........
#..#......#....#..#
..............#.... ..##...
.......#.......... ..#....
.[..##.#.#.....# .......
..<.###.......# .......
......#.#.#...### .......
#.(.....#.###...### ../....
.#(..#.##...###.@.####.......
##(....#.......c#O##.(.....#
##....##..>..##...#.O.....##
#...#........#...............
......###...##.......cB......
..#.....###.#.......♣......##
......<...#.#.....♣.∩.♣....#
†.∩.................♣##......
...........#........# .c....


You could see an ogre and a centaur.

Vanquished Creatures
  Sigmund (D:3)
  Edmund (D:5)
  A sky beast (D:3)
  An ogre (D:4)
  A centaur (D:5)
  A howler monkey (D:3)
  2 hounds
  2 orc priests (D:4)
  2 orc wizards
  Jessica (D:3)
  Ijyb (D:3)
  3 worker ants
  8 adders
  2 oozes
  An adder skeleton (D:4)
  3 worms
  3 dart slugs
  2 leopard geckos
  12 orcs
  6 giant cockroaches
  3 goblins
  9 hobgoblins
  18 jackals
  2 quokkas
  3 ball pythons
  6 bats
  7 frilled lizards
  A jackal skeleton (D:4)
  6 kobolds
  11 rats
120 creatures vanquished.

Vanquished Creatures (others)
  4 fungi (D:5)
  7 toadstools (D:5)
11 creatures vanquished.

Grand Total: 131 creatures vanquished

Notes
Turn   | Place    | Note
-------+----------+-------------------------------------------
     0 | D:1      | nothank2 the Formicid Fighter began the quest for the Orb.
     0 | D:1      | Reached XP level 1. HP: 18/18 MP: 1/1
   145 | D:1      | Reached XP level 2. HP: 24/24 MP: 2/2
   264 | D:1      | Reached skill level 3 in Long Blades
   336 | D:1      | Reached XP level 3. HP: 29/29 MP: 3/3
  1049 | D:2      | Reached skill level 4 in Long Blades
  1049 | D:2      | Reached XP level 4. HP: 28/35 MP: 4/4
  1561 | D:2      | Reached XP level 5. HP: 35/41 MP: 5/5
  1721 | D:2      | Reached skill level 5 in Long Blades
  1885 | D:3      | Found an ornate altar of the Wu Jian Council.
  1912 | D:3      | Noticed a sky beast
  1932 | D:3      | Killed a sky beast
  1933 | D:3      | Reached XP level 6. HP: 4/47 MP: 6/6
  1941 | D:3      | HP: 2/47 [leopard gecko (3)]
  2035 | D:3      | Reached skill level 6 in Long Blades
  2406 | D:3      | Noticed Ijyb
  2429 | D:3      | Killed Ijyb
  2434 | D:3      | Noticed Jessica
  2437 | D:3      | Killed Jessica
  2754 | D:3      | Reached XP level 7. HP: 52/52 MP: 7/7
  2767 | D:3      | Found a runed translucent gate.
  2768 | D:3      | Found a runed translucent gate.
  2769 | D:3      | Found an opulent altar of Gozag.
  2769 | D:3      | Found a runed translucent gate.
  2770 | D:3      | Noticed Dominos's ghost (amateur HuFi)
  2770 | D:3      | Noticed a troll
  2856 | D:3      | Reached skill level 7 in Long Blades
  3078 | D:3      | Noticed Sigmund
  3108 | D:3      | Killed Sigmund
  3819 | D:4      | Reached skill level 8 in Long Blades
  4261 | D:4      | Got a crystal hand axe
  4378 | D:5      | Entered Level 5 of the Dungeon
  4380 | D:5      | Noticed Edmund
  4430 | D:5      | Killed Edmund
  4431 | D:5      | Reached XP level 8. HP: 53/58 MP: 8/8
  4714 | D:4      | Reached skill level 9 in Long Blades
  4940 | D:5      | Found Jeskeib's Distillery.
  4943 | D:5      | Found a staircase to the Ecumenical Temple.
  4947 | D:5      | Bought a potion of might for 52 gold pieces
  4947 | D:5      | Bought a potion of might for 52 gold pieces
  4977 | Temple   | Entered the Ecumenical Temple
  5107 | Temple   | Became a worshipper of Makhleb the Destroyer
  5154 | D:5      | Found Duntun's Weapon Shoppe.
  5185 | D:5      | Mangled by an ogre

Illustrated notes

Levels and vault maps discovered:
D:1:      dpeg_arrival_water_temple_mockup, layout_basic
D:2:      layout_basic
D:3:      layout_basic, pdpol_wu_jian_five_deadly_venoms, ebering_ghost_gozag,
          uniq_jessica, uniq_ijyb, uniq_sigmund
D:4:      layout_loops_ring
D:5:      cheibrodos_fertilizer, layout_layer_cave, fedhas_altar_3,
          minmay_temple_entry_slanted, serial_shops, nicolae_shop_trees, shop,
          shop, kennysheep_mini, nicolae_shop_waterfront, uniq_edmund
Temple:   eino_wide_crystal_templ

Skill      XL: |  1  2  3  4  5  6  7  8 |
---------------+-------------------------+-----
Long Blades    | 3 4 5 6 8 9 |  9.6
Fighting       | |  3.2
Armour         | |  3.2
Shields        | |  3.6

Action                   |  1- 3 |  4- 6 |  7- 9 || total
-------------------------+-------+-------+-------++-------
Melee: Long sword        |   125 |   216 |   186 ||   527
Armor: Scale mail        |    54 |       |       ||    54
       Plate armour      |    15 |   120 |    85 ||   220
Dodge: Dodged            |    33 |    35 |    28 ||    96
Block: Kite shield       |    68 |   127 |    84 ||   279
       Rpst.: Long sword |    11 |     6 |     5 ||    22
